 Dungeon Crawl Stone Soup version 0.23.1-37-gaa34b87b72 (webtiles) character file.

Game seed: 17675855548422604137

216 Devinter the Skirmisher (level 5, 0/42 HPs)
             Began as a Barachi Skald on Mar 23, 2019.
             Slain by Crazy Yiuf
             ... wielding a +2 quarterstaff of chaos
              (2 damage)
             ... while petrified by Crazy Yiuf
             ... on level 3 of the Dungeon.
             The game lasted 00:19:27 (3027 turns).

Devinter the Skirmisher (Barachi Skald)             Turns: 3027, Time: 00:19:27

Health: 0/42       AC:  3    Str: 12    XL:     5   Next: 93%
Magic:  9/9        EV:  2    Int: 13    God:
Gold:   69         SH:  0    Dex: 13    Spells: 4/10 levels left

rFire    . . .     SeeInvis .   a - +0 falchion
rCold    . . .     Gourm    .   (no shield)
rNeg     + + +     Faith    .   b - +0 leather armour
rPois    ∞         Spirit   .   (no helmet)
rElec    .         Reflect  .   (no cloak)
rCorr    .         Harm     .   (no gloves)
MR       .....                  (no boots)
Stlth    ++........             (no amulet)
HPRegen  0.14/turn              t - ring of stealth
MPRegen  0.11/turn              (no ring)

@: lethally poisoned (0 -> 0), petrified, can't hop, slowed, slow
A: +LOS, swims, slowness 1, strong legs 1
a: Hop


You were on level 3 of the Dungeon.
You were hungry.

You visited 1 branch of the dungeon, and saw 3 of its levels.

You collected 69 gold pieces.

Inventory:

Hand Weapons
 a - a +0 falchion (weapon)
 l - a +2 dagger of speed
 x - a +0 war axe of venom
Missiles
 e - 13 bolts
 o - 7 arrows
 q - 61 stones (quivered)
 s - 25 sling bullets
Armour
 b - a +0 leather armour (worn)
Jewellery
 t - a ring of stealth (left hand)
Wands
 n - a wand of random effects (14)
Scrolls
 g - 2 scrolls of identify {unknown}
 h - a scroll of teleportation {unknown}
 k - a scroll of remove curse {unknown}
 m - a scroll of fear {unknown}
 r - a scroll of fog {unknown}
 u - a scroll of blinking {unknown}
 v - 3 scrolls of amnesia {unknown}
 w - a scroll of random uselessness {unknown}
Potions
 c - a potion of heal wounds
 f - 2 potions of curing {unknown}
 i - a potion of lignification {unknown}
 j - a potion of might {unknown}
 p - a potion of cancellation {unknown}
Comestibles
 d - 3 rations


   Skills:
 * Level 4.1 Fighting
 * Level 4.1 Long Blades
 + Level 2.2 Armour
 + Level 3.0 Dodging
 + Level 3.0 Spellcasting
 + Level 3.8 Charms
 + Level 0.9 Necromancy


You had 4 spell levels left.
You knew the following spells:

 Your Spells              Type           Power        Failure   Level  Hunger
a - Infusion              Chrm           ##..         6%          1    #......
b - Shroud of Golubria    Chrm/Tloc      #.........   21%         2    ###....
c - Regeneration          Chrm/Necr      #.........   32%         3    ###....

Your spell library contained the following spells:

 Spells                   Type           Power        Failure   Level  Hunger
 Song of Slaying          Chrm           ##......     9%          2    ###....
 Spectral Weapon          Hex/Chrm       #.......     38%         3    ###....


Dungeon Overview and Level Annotations

Branches:
Dungeon (3/15)

Altars:
Trog

Annotations:
D:2 Robin
D:3 Crazy Yiuf, Natasha


Innate Abilities, Weirdness & Mutations

Shadows flee at your approach. (+LOS)
You can swim through water.
You cover ground slowly.
You can hop short distances.


Message History

Boing!
Crazy Yiuf appears from thin air!
Reactivating autopickup.
Your limbs are stiffening.
You feel much better.
Crazy Yiuf grits, "Hack!"
You have turned to stone.
Crazy Yiuf hits you with a +2 quarterstaff of chaos!
* * * LOW HITPOINT WARNING * * *
You are electrocuted!
* * * LOW HITPOINT WARNING * * *
Crazy Yiuf hits you but does no damage. Space bends around you.
* * * LOW HITPOINT WARNING * * *
Crazy Yiuf hits you with a +2 quarterstaff of chaos.
* * * LOW HITPOINT WARNING * * *
You feel yourself slow down.
Crazy Yiuf hits you with a +2 quarterstaff of chaos!
* * * LOW HITPOINT WARNING * * *
Crazy Yiuf freezes you.
You die...

#.#.##.##.##......# #.#
#.#..#.##.##......# #.#
#.#.......##.###### #.#
#.#.......##.# #.#
#.#.########.################.##
#.#...........)...........÷.....
#.####......>...#############.##
#.............#.## #.#
######.######.#@.# #.# #####'##
#.##g## #+# #...>..# #.##..#
#......# #.###.## #......#####.#
#..# #......'.....# ##.#
#......####### #÷## #......#
#..# #......# ##.##


You could see Crazy Yiuf.

Vanquished Creatures
  An orc wizard (D:3)
  Jessica (D:2)
  5 adders
  2 oozes (D:1)
  4 worms
  A dart slug (D:3)
  A leopard gecko (D:2)
  6 orcs (D:3)
  3 giant cockroaches
  8 goblins
  8 hobgoblins
  16 jackals
  5 kobolds
  2 quokkas (D:2)
  10 bats
  A frilled lizard (D:1)
  7 rats
81 creatures vanquished.

Notes
Turn   | Place    | Note
-------+----------+-------------------------------------------
     0 | D:1      | Devinter the Barachi Skald began the quest for the Orb.
     0 | D:1      | Reached XP level 1. HP: 17/17 MP: 3/3
   159 | D:1      | Reached XP level 2. HP: 22/23 MP: 0/5
   274 | D:1      | Reached skill level 3 in Fighting
   306 | D:1      | Reached skill level 3 in Long Blades
   312 | D:1      | Reached XP level 3. HP: 28/29 MP: 6/6
   963 | D:2      | Reached XP level 4. HP: 35/35 MP: 7/7
   967 | D:2      | Learned a level 2 spell: Shroud of Golubria
   971 | D:2      | Learned a level 3 spell: Regeneration
  1042 | D:2      | Found a bloodstained altar of Trog.
  1043 | D:2      | Noticed Robin
  1057 | D:2      | Found a faded altar of an unknown god.
  1101 | D:2      | Noticed Jessica
  1112 | D:2      | Killed Jessica
  1240 | D:2      | HP: 3/37 [poisoned by an adder]
  1582 | D:2      | Reached XP level 5. HP: 24/42 MP: 0/9
  1831 | D:2      | Reached skill level 2 in Armour
  2262 | D:3      | Reached skill level 4 in Fighting
  2360 | D:3      | Noticed Natasha
  2385 | D:3      | Reached skill level 4 in Long Blades
  2726 | D:3      | Reached skill level 3 in Dodging
  2757 | D:3      | Reached skill level 3 in Spellcasting
  2983 | D:3      | Found a runed translucent door.
  2984 | D:3      | Noticed Crazy Yiuf
  3027 | D:3      | HP: 2/42 [Crazy Yiuf/+2 quarterstaff of chaos (4)]
  3027 | D:3      | Slain by Crazy Yiuf

Skill      XL: |  1  2  3  4  5 |
---------------+----------------+-----
Fighting       | 3 4 |  4.1
Long Blades    | 3 4 |  4.1
Armour         | 2 |  2.2
Dodging        | 3 |  3.0
Spellcasting   | 3 |  3.0
Charms         | |  3.8
Necromancy     | |  0.9

Action                   |  1- 3 |  4- 6 || total
-------------------------+-------+-------++-------
Melee: Falchion          |    90 |   162 ||   252
Throw: Stone             |       |     1 ||     1
 Cast: Infusion          |     4 |    13 ||    17
 Abil: Hop               |       |     1 ||     1
Evoke: Wand              |       |     2 ||     2
  Use: Potion            |       |     1 ||     1
 Stab: Sleeping          |       |     2 ||     2
  Eat: Chunk             |     1 |     7 ||     8
Armor: Leather armour    |    27 |    36 ||    63
Dodge: Dodged            |    83 |    93 ||   176
       Rpst.: Falchion   |    30 |    33 ||    63
